 Dungeon Crawl Stone Soup version 0.19.1 (webtiles) character file.

440 LORDOFBUTT the Sneak (level 6, -4/30 HPs)
             Began as a Spriggan Assassin on Dec 19, 2016.
             Killed from afar by an orc wizard (10 damage)
             ... with a magic dart
             ... on level 4 of the Dungeon on Dec 21, 2016.
             The game lasted 00:07:01 (3311 turns).

LORDOFBUTT the Sneak (Spriggan Assassin)            Turns: 3311, Time: 00:07:02

Health: -4/30      AC:  3    Str:  7    XL:     6   Next: 70%
Magic:  7/7        EV: 22    Int: 12    God:
Gold:   169        SH:  0    Dex: 20    Spells: 0 memorised, 5 levels left

rFire  . . .     SeeInvis +     a - +2 dagger
rCold  . . .     Gourm    .     c - +0 robe
rNeg   . . .     Faith    .     (shield restricted)
rPois  .         Spirit   .     (helmet restricted)
rElec  .         Reflect  .     i - +0 cloak
rCorr  +         Harm     .     (gloves unavailable)
MR     +....                    (boots unavailable)
Stlth  ++++......               (no amulet)
                                (no ring)
                                p - ring of resist corrosion

@: very quick
A: unfitting armour, see invisible, herbivore 3, speed 3, slow metabolism 2
a: no special abilities


You were on level 4 of the Dungeon.
You were hungry.

You visited 1 branch of the dungeon, and saw 4 of its levels.

You collected 169 gold pieces.

Inventory:

Hand Weapons
 a - a +2 dagger (weapon)
 b - a +0 blowgun
Missiles
 e - 3 poisoned needles
 f - 2 curare-tipped needles
Armour
 c - a +0 robe (worn)
 d - a +0 cloak
 i - a +0 cloak (worn)
Jewellery
 l - an uncursed amulet of faith
 p - a ring of resist corrosion (left hand)
Wands
 t - a wand of confusion (12/48)
Scrolls
 m - a scroll of fog {unknown}
 n - 2 scrolls of teleportation
 q - 3 scrolls of magic mapping {unknown}
 u - a scroll of remove curse
 v - a scroll of immolation {unknown}
 w - a scroll of recharging {unknown}
Potions
 h - a potion of cure mutation
 j - 2 potions of flight
 k - a potion of berserk rage
 o - a potion of brilliance
 r - a potion of agility
Comestibles
 g - 3 bread rations
 s - a slice of pizza


   Skills:
 - Level 1.6 Fighting
 + Level 4.1 Short Blades
 + Level 3.7 Throwing
 + Level 5.7 Dodging
 + Level 7.9 Stealth


You had 5 spell levels left.
You didn't know any spells.

Dungeon Overview and Level Annotations

Branches:
Dungeon (4/15)
 Temple: D:4-7

Altars:


Innate Abilities, Weirdness & Mutations

You are very small and have problems with some larger weapons.
You are too small for most types of armour.
You have supernaturally acute eyesight. (SInv)
You are a herbivore.
You cover ground extremely quickly.
You need consume almost no food.


Message History

The orc wizard completely misses you.
You closely miss the orc wizard.
The orc wizard is moderately wounded.
The orc wizard hits you but does no damage.
You hit the orc wizard but do no damage.
The orc wizard is moderately wounded.
The orc wizard hits you with a dagger.
* * * LOW HITPOINT WARNING * * *
You hit the orc wizard.
The orc wizard is severely wounded.
The orc wizard casts a spell.
The orc wizard seems to speed up.
You hit the orc wizard but do no damage.
The orc wizard is almost dead.
The orc wizard completely misses you.
You hit the orc wizard.
You kill the orc wizard!
The orc wizard gestures at you while chanting.
The magic dart hits you!
You die...

...............#........#
..........##..##.....<#.
..
..........#..........##
.. .................(...#
.. ....#§...............#
..#...#≈#...............#
.......##..........#.####
>......##...########.###
.........(....o)@.......
.oo###.###..########.###
..oZ#. #†..# .. ##Z##
##.Z# #..# #).## #o##
##o# #.†# #†o#
#Z#######.# #..o.r....#


You could see an orc wizard.

Vanquished Creatures
  Natasha (thrice) (D:2)
  A centaur skeleton (D:4)
  Jessica (D:2)
  Ijyb (D:2)
  2 orc wizards
  A worker ant (D:3)
  Robin (D:3)
  4 gnolls (D:2)
  3 adders (D:3)
  An ooze (D:2)
  2 adder skeletons (D:4)
  3 dart slugs
  2 worms
  A leopard gecko (D:1)
  6 orcs
  5 giant cockroaches
  11 goblins
  11 hobgoblins
  7 jackals (D:2)
  11 kobolds
  2 quokkas
  3 ball pythons
  15 bats
  6 frilled lizards
  A leopard gecko skeleton (D:4)
  6 rats
110 creatures vanquished.

Notes
Turn   | Place    | Note
-------+----------+-------------------------------------------
     0 | D:1      | LORDOFBUTT the Spriggan Assassin began the quest for the Orb.
     0 | D:1      | Reached XP level 1. HP: 10/10 MP: 2/2
    15 | D:1      | Reached skill level 6 in Stealth
   201 | D:1      | Reached XP level 2. HP: 10/14 MP: 3/3
   940 | D:2      | Noticed Jessica
   943 | D:2      | Killed Jessica
   943 | D:2      | Reached XP level 3. HP: 18/18 MP: 4/4
   986 | D:2      | Noticed Natasha
   989 | D:2      | Killed Natasha
   989 | D:2      | Reached XP level 4. HP: 22/22 MP: 5/5
  1055 | D:2      | Noticed Natasha
  1065 | D:2      | Killed Natasha
  1092 | D:2      | Noticed Natasha
  1103 | D:2      | Killed Natasha
  1238 | D:2      | Reached XP level 5. HP: 19/25 MP: 6/6
  1273 | D:2      | Reached skill level 7 in Stealth
  1333 | D:2      | Noticed Ijyb
  1336 | D:2      | Killed Ijyb
  1923 | D:3      | Noticed Robin
  1939 | D:3      | Killed Robin
  1982 | D:3      | Reached XP level 6. HP: 10/30 MP: 7/7
  2569 | D:3      | Reached skill level 5 in Dodging
  3311 | D:4      | Killed from afar by an orc wizard

Skill      XL: |  1  2  3  4  5  6 |
---------------+-------------------+-----
Stealth        | 6 7 |  7.9
Dodging        | 2 3 4 5 |  5.7
Short Blades   | 3 4 |  4.1
Throwing       | 3 |  3.7
Fighting       | |  1.6

Action                   |  1- 3 |  4- 6 || total
-------------------------+-------+-------++-------
Melee: Dagger            |    75 |   330 ||   405
 Fire: Blowgun           |       |    31 ||    31
  Use: Scroll            |     3 |     6 ||     9
 Stab: Sleeping          |    10 |    16 ||    26
       Distracted        |       |     2 ||     2
Armor: Robe              |    13 |    39 ||    52
Dodge: Dodged            |    68 |   264 ||   332
